 Dungeon Crawl Stone Soup version 0.25.1-2-g60ff931df9 (webtiles) character file.

Game seed: 7472320798842176170

1337 KamiKatze the Cutter (level 8, -2/43 HPs)
             Began as a Vine Stalker Fighter on Aug 16, 2020.
             Was a Believer of Uskayaw.
             Killed by divine providence
             ... invoked by an orc priest
              (12 damage)
             ... on level 6 of the Dungeon.
             The game lasted 00:19:08 (4712 turns).

KamiKatze the Cutter (Vine Stalker Fighter)         Turns: 4712, Time: 00:19:08

Health: -2/43      AC:  9    Str: 20    XL:     8   Next: 61%
Magic:  0/9        EV:  7    Int:  8    God:    Uskayaw [**....]
Gold:   225        SH: 10    Dex: 15    Spells: 7/7 levels left

rFire    . . .     SeeInvis .   j - +2 short sword (venom)
rCold    . . .     Gourm    .   c - +0 kite shield
rNeg     . . .     Faith    .   b - +0 scale mail
rPois    .         Spirit   +   u - +0 helmet (curse)
rElec    .         Reflect  .   (no cloak)
rCorr    .         Harm     .   g - +0 pair of gloves
MR       +....                  l - +0 pair of boots
Stlth    ..........             E - amulet of the acrobat
HPRegen  0.54/turn              (no ring)
MPRegen  0.11/turn              (no ring)

@: no status effects
A: fangs 3, regeneration 1, magic shield, antimagic bite, no potion heal 3, rot
immunity
a: Stomp, Line Pass, Renounce Religion


You were on level 6 of the Dungeon.
You worshipped Uskayaw.
Uskayaw was noncommittal.
You were very hungry.

You visited 2 branches of the dungeon, and saw 7 of its levels.
You also visited: Sewer.

You collected 225 gold pieces.

Inventory:

Hand Weapons
 a - a +0 rapier
 j - a +2 short sword of venom (weapon)
Missiles
 e - 192 stones (quivered)
 m - 63 poisoned darts
Armour
 b - a +0 scale mail (worn)
 c - a +0 kite shield (worn)
 g - a +0 pair of gloves (worn)
 l - a +0 pair of boots (worn)
 t - a +0 chain mail
 u - a cursed +0 helmet (worn)
Jewellery
 h - an uncursed ring of fire
 E - an amulet of the acrobat (around neck)
Scrolls
 d - a scroll of amnesia {unknown}
 o - 4 scrolls of remove curse {unknown}
 p - 2 scrolls of fog {unknown}
 q - a scroll of immolation {unknown}
 r - 2 scrolls of magic mapping
 s - a scroll of blinking {unknown}
 v - 3 scrolls of enchant armour {unknown}
 w - 3 scrolls of random uselessness {unknown}
 x - a scroll of noise {unknown}
 y - 2 scrolls of fear {unknown}
 B - 3 scrolls of teleportation {unknown}
Potions
 i - a potion of resistance
 n - a potion of lignification
 z - 3 potions of curing
 A - a potion of ambrosia
 C - a potion of brilliance
 D - 3 potions of flight
Comestibles
 f - 11 rations


   Skills:
 + Level 5.3 Fighting
 * Level 6.9 Short Blades
 - Level 2.4 Armour
 + Level 5.3 Shields


You had 7 spell levels left.
You didn't know any spells.
Your spell library contained the following spells:

 Spells                   Type           Power        Failure   Level  Hunger
 Summon Small Mammal      Summ           #...         99%         1    ##.....
 Call Imp                 Summ           #.......     100%        2    ###....
 Call Canine Familiar     Summ           #.......     100%        3    ####...
 Confusing Touch          Hex            #.......     100%        3    ####...
 Gell's Gravitas          Tloc           #.........   100%        3    ####...
 Summon Guardian Golem    Hex/Summ       #.......     100%        3    ####...
 Petrify                  Tmut/Erth      #.......     100%        4    #####..
 Summon Ice Beast         Ice/Summ       #.......     100%        4    #####..
 Summon Lightning Spire   Summ/Air       #.......     100%        4    #####..
 Metabolic Englaciation   Hex/Ice        #.........   100%        5    ######.
 Yara's Violent Unravell  Hex/Tmut       #.........   100%        5    ######.


Dungeon Overview and Level Annotations

Branches:
Dungeon (6/15)             Temple (1/1) D:6           Sewer (visited)

Altars:
Ashenzari
Cheibriados
Dithmenos
Elyvilon
Fedhas
Gozag
Hepliaklqana
Kikubaaqudgha
Makhleb
Nemelex Xobeh
Okawaru
Qazlal
Ru
Sif Muna
Trog
Uskayaw
Vehumet
Wu Jian
Yredelemnul
Zin
The Shining One


Innate Abilities, Weirdness & Mutations

You have razor-sharp teeth.
Your natural rate of healing is unusually fast.
When hurt, damage is shared between your health and your magic reserves.
Your bite disrupts and absorbs the magic of your enemies.
Potions cannot restore your health.
You are immune to rotting.


Message History

Beogh smites you!
* * * LOW HITPOINT WARNING * * *
You barely miss the orc priest. Your bite misses the orc priest.
The orc priest is heavily wounded.
You block the orc priest's attack.
The crimson imp hits you but does no damage.
The orc priest looks braver for a moment.
You block the orc's attack.
Unknown command.
You hit the orc.
The orc is poisoned.
Your bite misses the orc.
The orc is heavily wounded.
You block the orc priest's attack.
The crimson imp hits you but does no damage.
You can now pass through a line of other dancers.
Unknown command.
You barely miss the orc priest. Your bite misses the orc priest.
The orc priest is severely wounded.
The orc priest calls down the wrath of Beogh upon you.
Beogh smites you!
You die...

#...'....# +.....#...#
#####....#######'##'###
####..............##
#..#..............#.
#..'..............#.
#..#..............#.
#..#..............##
##'######+#######...
#..@o.....# #...
#..5o.....# #...
+.........# #...
#.....o...# #...
#....###... #... ######
.# #### #


You could see 2 orc priests, a crimson imp and an orc (very poisoned).

Vanquished Creatures
  Sigmund (D:2)
  A black bear (D:4)
  A necrophage (D:5)
  A phantom (D:6)
  A centaur zombie (D:5)
  A crimson imp (D:5)
  4 jellies
  2 orc priests (D:5)
  A hound (D:5)
  3 orc wizards
  An iguana (D:5)
  Terence (D:2)
  4 worker ants
  A hound skeleton (D:4)
  Robin (D:2)
  A worker ant zombie (D:5)
  4 gnolls (D:4)
  A river rat (D:4)
  12 adders
  A howler monkey skeleton (D:3)
  A shadow imp (D:5)
  4 oozes (Sewer)
  An adder zombie (D:5)
  7 worms
  5 leopard geckos
  10 orcs
  7 giant cockroaches
  13 goblins
  13 hobgoblins
  10 jackals
  8 kobolds
  A quokka (D:4)
  3 ball pythons
  17 bats
  8 frilled lizards
  A quokka zombie (D:5)
  14 rats
166 creatures vanquished.

Notes
Turn   | Place    | Note
-------+----------+-------------------------------------------
     0 | D:1      | KamiKatze the Vine Stalker Fighter began the quest for the
                  | Orb.
     0 | D:1      | Reached XP level 1. HP: 11/11 MP: 2/2
    99 | D:1      | Reached skill level 2 in Short Blades
   121 | D:1      | Reached XP level 2. HP: 9/16 MP: 3/3
   511 | D:2      | Reached XP level 3. HP: 18/20 MP: 4/4
   955 | D:2      | Noticed Terence
  1014 | D:2      | Reached skill level 3 in Short Blades
  1015 | D:2      | Gained mutation: Your natural rate of healing is unusually
                  | fast. [Vine Stalker growth]
  1015 | D:2      | Reached XP level 4. HP: 24/24 MP: 3/5
  1121 | D:2      | Noticed Sigmund
  1148 | D:2      | Killed Sigmund
  1148 | D:2      | Reached skill level 4 in Short Blades
  1148 | D:2      | Reached XP level 5. HP: 15/29 MP: 4/6
  1148 | D:2      | Reached XP level 6. HP: 17/33 MP: 4/7
  1242 | D:2      | Noticed Robin
  1249 | D:2      | Killed Robin
  1281 | D:2      | Killed Terence
  1930 | D:3      | Found a faded altar of an unknown god.
  1973 | D:3      | Found a blossoming altar of Fedhas.
  1974 | D:3      | Found a basalt altar of Yredelemnul.
  2200 | D:3      | Found a burning altar of Makhleb.
  2244 | D:4      | Noticed a black bear
  2378 | D:4      | Found a glowing drain.
  2391 | D:4      | Reached XP level 7. HP: 34/37 MP: 8/8
  2399 | Sewer    | Entered a sewer
  2830 | Sewer    | Reached skill level 5 in Short Blades
  3171 | D:4      | Found an ornate altar of the Wu Jian Council.
  3779 | D:5      | Entered Level 5 of the Dungeon
  3937 | D:5      | Gained mutation: You have razor-sharp teeth. [Vine Stalker
                  | growth]
  3937 | D:5      | Reached XP level 8. HP: 37/42 MP: 9/9
  3977 | D:5      | Reached skill level 6 in Short Blades
  4024 | D:5      | Reached skill level 5 in Fighting
  4024 | D:5      | Reached skill level 5 in Shields
  4512 | D:6      | Found a staircase to the Ecumenical Temple.
  4527 | Temple   | Entered the Ecumenical Temple
  4559 | Temple   | Became a worshipper of Uskayaw the Reveler
  4705 | D:6      | Reached * piety under Uskayaw
  4711 | D:6      | Reached ** piety under Uskayaw
  4712 | D:6      | Killed from afar by an orc priest

Illustrated notes

Levels and vault maps discovered:
D:1:      dpeg_arrival_pits, layout_rooms, serial_curves, eino_curves_03,
          eino_curves_01
D:2:      layout_basic, uniq_robin, uniq_terence, uniq_sigmund
D:3:      kennysheep_six_static_rooms, layout_basic,
          gammafunk_temple_overflow_pools, chequers_ecumenical_altar_simple,
          bloody_makhleb
D:4:      layout_basic, nicolae_overflow_crystal_walls, portal_sewer_entry_e,
          chequers_serial_rivers_small_a
D:5:      layout_gridville, first_ration
D:6:      layout_gridville, minmay_temple_entry_hall, roderic_batcave
Temple:   regret_index_temple_mists

Skill      XL: |  1  2  3  4  5  6  7  8 |
---------------+-------------------------+-----
Short Blades   | 2 3 4 5 6 |  6.9
Fighting       | 3 4 5 |  5.3
Shields        | 3 4 5 |  5.3
Armour         | |  2.4

Action                   |  1- 3 |  4- 6 |  7- 9 || total
-------------------------+-------+-------+-------++-------
Melee: Rapier            |    19 |       |       ||    19
       Bite              |    23 |    36 |    78 ||   137
       Short sword       |    71 |   135 |   246 ||   452
Throw: Stone             |       |       |     4 ||     4
  Use: Potion            |       |     1 |     2 ||     3
       Scroll            |       |     2 |     8 ||    10
  Eat: Chunk             |       |     5 |     7 ||    12
Armor: Scale mail        |    35 |    28 |    77 ||   140
Dodge: Dodged            |    16 |    24 |    67 ||   107
Block: Kite shield       |    42 |    56 |    95 ||   193
